[ AOE2 MATCH · #457514451 ]
Team RMItalians vs Dravidians
[ REPLAY ANALYSIS · EXTRACTED FROM THE RECORDED GAME ]
Feudal
13:56
Castle
23:53
Imperial
—
| APM avg | 22.6 |
| APM peak | 43 |
| eAPM avg | 16.0 |
| Villagers / military | 96 / 42 |
Focus
⚔️ 20.8% · 🌾 79.2%
Archer ×15 · Fire Galley ×14 · Petard ×12 · Fishing Ship ×10 · Unknown (2626) ×7 · Genoese Crossbowman ×1
Feudal
11:51
Castle
17:26
Imperial
—
| APM avg | 47.3 |
| APM peak | 124 |
| eAPM avg | 21.6 |
| Villagers / military | 170 / 5 |
Focus
⚔️ 21.7% · 🌾 78.3%
Unknown (2579) ×70 · Battering Ram ×5 · Fishing Ship ×4
Feudal
13:57
Castle
17:53
Imperial
42:10
| APM avg | 24.4 |
| APM peak | 57 |
| eAPM avg | 12.5 |
| Villagers / military | 144 / 49 |
Focus
⚔️ 25.3% · 🌾 74.7%
Mangudai ×44 · Fishing Ship ×6 · Battering Ram ×3 · Mangonel ×1 · Monk ×1
Feudal
15:10
Castle
21:01
Imperial
—
| APM avg | 44.2 |
| APM peak | 108 |
| eAPM avg | 19.2 |
| Villagers / military | 103 / 23 |
Focus
⚔️ 31.0% · 🌾 69.0%
Archer ×14 · Fishing Ship ×9 · Mameluke ×9
Feudal
13:40
Castle
25:19
Imperial
—
| APM avg | 34.1 |
| APM peak | 72 |
| eAPM avg | 16.9 |
| Villagers / military | 95 / 23 |
Focus
⚔️ 22.9% · 🌾 77.1%
Fishing Ship ×15 · Rattan Archer ×13 · Galley ×8 · Transport Ship ×2
Feudal
12:40
Castle
22:14
Imperial
—
| APM avg | 19.8 |
| APM peak | 45 |
| eAPM avg | 13.8 |
| Villagers / military | 78 / 159 |
Focus
⚔️ 47.4% · 🌾 52.6%
Karambit Warrior ×129 · Fire Galley ×17 · Battering Ram ×13 · Fishing Ship ×10 · Unknown (2626) ×4 · Trade Cog ×1
Feudal
13:54
Castle
17:25
Imperial
32:34
| APM avg | 44.8 |
| APM peak | 67 |
| eAPM avg | 29.3 |
| Villagers / military | 228 / 153 |
Focus
⚔️ 44.4% · 🌾 55.6%
Samurai ×90 · Fishing Ship ×26 · Fire Galley ×26 · Skirmisher ×19 · Battering Ram ×8 · Trebuchet (Packed) ×7
Feudal
12:58
Castle
21:52
Imperial
—
| APM avg | 22.1 |
| APM peak | 55 |
| eAPM avg | 9.4 |
| Villagers / military | 71 / 26 |
Focus
⚔️ 20.3% · 🌾 79.7%
Urumi Swordsman ×16 · Galley ×9 · Fishing Ship ×8 · Fire Galley ×1
Match map
Initial resources + every placement click. Lines = walls · curves = elevation contours. ◆ gold · ⬟ stone · ● berries · ✦ relic · ◌ wall gap
Your base· Open — 2t gap
OM | Romeo sins's base· Open — 4t gap
Dawidowww's base· Open — unwalled flank
OM | Benja FC's base· Open — 13t gap
Bass's base· Open — unwalled flank
OM | Salomé Costecho's base· Open — unwalled flank
[BadStart] The Shadow's base· Open — 12t gap
Vexul's base· ✓ Closed at 21:52 · 9t walls · fragile
Smoothed initial terrain · ◌ = detected wall gap · hover for details
Inputs per minute
— Libet - - OM | Romeo sins
Build order — Libet
First 150 of 244 actions detected
| 0:06 | Build | House |
| 0:39 | Build | Town Center |
| 1:32 | Build | Dock |
| 3:05 | Create | Villager (Male) |
| 3:05 | Create | Villager (Male) |
| 3:06 | Create | Villager (Male) |
| 3:06 | Create | Villager (Male) |
| 3:06 | Create | Villager (Male) |
| 4:10 | Create | Fishing Ship |
| 4:18 | Create | Villager (Male) |
| 4:21 | Research | Loom |
| 5:01 | Build | House |
| 5:20 | Create | Fishing Ship |
| 5:29 | Build | House |
| 5:39 | Create | Villager (Male) |
| 6:09 | Create | Villager (Male) |
| 6:16 | Create | Fishing Ship |
| 6:16 | Create | Fishing Ship |
| 6:45 | Create | Villager (Male) |
| 6:46 | Create | Villager (Male) |
| 6:52 | Create | Fishing Ship |
| 6:52 | Create | Fishing Ship |
| 7:16 | Create | Villager (Male) |
| 7:29 | Create | Fishing Ship |
| 7:34 | Build | House |
| 7:37 | Create | Villager (Male) |
| 8:06 | Create | Villager (Male) |
| 8:09 | Create | Fishing Ship |
| 8:41 | Create | Villager (Male) |
| 8:42 | Create | Villager (Male) |
| 8:45 | Create | Villager (Male) |
| 8:46 | Create | Villager (Male) |
| 8:48 | Create | Fishing Ship |
| 8:57 | Create | Villager (Male) |
| 9:08 | Create | Villager (Male) |
| 9:16 | Build | House |
| 9:21 | Create | Villager (Male) |
| 9:33 | Create | Fishing Ship |
| 9:45 | Build | House |
| 9:51 | Build | Palisade Wall |
| 9:54 | Build | Palisade Wall |
| 10:01 | Create | Villager (Male) |
| 10:41 | Create | Villager (Male) |
| 11:10 | Create | Villager (Male) |
| 11:19 | Build | Lumber Camp |
| 11:34 | Build | House |
| 11:46 | Research | Feudal Age |
| 11:46 | Research | Feudal Age |
| 12:25 | Build | Dock |
| 12:35 | Create | Villager (Male) |
| 12:35 | Create | Villager (Male) |
| 13:01 | Build | House |
| 13:07 | Build | Palisade Wall |
| 13:46 | Build | Dock |
| 13:56 | Age | Feudal Age |
| 13:57 | Create | Fire Galley |
| 13:58 | Create | Unit 2626 |
| 14:00 | Research | Double-Bit Axe |
| 14:11 | Create | Villager (Male) |
| 14:22 | Create | Fire Galley |
| 14:41 | Create | Fire Galley |
| 14:54 | Create | Fire Galley |
| 15:06 | Create | Fire Galley |
| 15:10 | Create | Villager (Male) |
| 15:11 | Create | Villager (Male) |
| 15:24 | Create | Unit 2626 |
| 15:32 | Create | Villager (Male) |
| 15:42 | Build | House |
| 15:43 | Build | House |
| 15:48 | Research | Wheelbarrow |
| 16:03 | Create | Fire Galley |
| 16:04 | Create | Unit 2626 |
| 16:06 | Create | Villager (Male) |
| 16:13 | Research | Town Watch |
| 16:18 | Build | Mining Camp |
| 16:46 | Build | Palisade Wall |
| 16:48 | Build | Palisade Wall |
| 16:59 | Build | Mill |
| 17:09 | Create | Villager (Male) |
| 17:25 | Create | Villager (Male) |
| 17:34 | Build | Watch Tower |
| 17:58 | Create | Villager (Male) |
| 18:14 | Build | Farm |
| 18:15 | Build | Farm |
| 18:16 | Create | Villager (Male) |
| 18:21 | Create | Fire Galley |
| 18:21 | Create | Fire Galley |
| 18:22 | Create | Unit 2626 |
| 18:48 | Build | Market |
| 18:50 | Create | Villager (Male) |
| 18:59 | Create | Fire Galley |
| 19:00 | Create | Villager (Male) |
| 19:00 | Create | Villager (Male) |
| 19:17 | Research | Horse Collar |
| 19:49 | Create | Unit 2626 |
| 19:50 | Create | Fire Galley |
| 19:53 | Create | Villager (Male) |
| 19:53 | Create | Villager (Male) |
| 19:54 | Create | Villager (Male) |
| 20:17 | Build | Blacksmith |
| 20:18 | Create | Villager (Male) |
| 20:18 | Create | Villager (Male) |
| 20:24 | Build | Farm |
| 20:24 | Build | Farm |
| 20:24 | Build | Farm |
| 20:28 | Build | Farm |
| 20:39 | Build | House |
| 21:10 | Research | Castle Age |
| 21:32 | Build | House |
| 21:33 | Build | House |
| 21:39 | Create | Villager (Male) |
| 21:47 | Research | Stone Mining |
| 22:03 | Build | House |
| 22:11 | Build | Barracks |
| 23:10 | Create | Fire Galley |
| 23:10 | Create | Fire Galley |
| 23:10 | Create | Fire Galley |
| 23:11 | Create | Fire Galley |
| 23:15 | Create | Unit 2626 |
| 23:15 | Create | Unit 2626 |
| 23:53 | Age | Castle Age |
| 24:07 | Build | Castle |
| 24:11 | Research | Fletching |
| 24:15 | Build | Archery Range |
| 24:27 | Create | Villager (Male) |
| 24:50 | Create | Villager (Male) |
| 24:51 | Create | Villager (Male) |
| 25:06 | Build | Archery Range |
| 25:16 | Build | Town Center |
| 25:19 | Create | Villager (Male) |
| 25:19 | Create | Villager (Male) |
| 25:24 | Build | Mill |
| 25:25 | Build | Farm |
| 25:25 | Build | Farm |
| 25:26 | Build | Farm |
| 25:26 | Build | Farm |
| 25:26 | Build | Farm |
| 25:27 | Build | Farm |
| 25:37 | Create | Petard |
| 25:38 | Create | Petard |
| 25:38 | Create | Petard |
| 25:41 | Create | Petard |
| 25:41 | Create | Petard |
| 26:11 | Build | Farm |
| 26:16 | Create | Petard |
| 26:18 | Create | Villager (Male) |
| 26:36 | Create | Petard |
| 26:51 | Build | Town Center |
| 27:08 | Build | Lumber Camp |
| 27:15 | Create | Petard |
Build order — OM | Romeo sins
First 150 of 388 actions detected
| 0:12 | Build | Town Center |
| 1:17 | Build | Dock |
| 2:24 | Build | House |
| 2:35 | Create | Villager (Male) |
| 2:35 | Create | Villager (Male) |
| 2:36 | Research | Loom |
| 2:37 | Create | Villager (Male) |
| 2:37 | Create | Villager (Male) |
| 2:37 | Create | Villager (Male) |
| 3:05 | Create | Villager (Male) |
| 3:26 | Create | Fishing Ship |
| 4:25 | Create | Fishing Ship |
| 4:48 | Create | Villager (Male) |
| 5:20 | Build | House |
| 5:26 | Create | Villager (Male) |
| 5:26 | Create | Villager (Male) |
| 5:43 | Create | Villager (Male) |
| 6:11 | Create | Villager (Male) |
| 6:11 | Create | Villager (Male) |
| 6:11 | Create | Villager (Male) |
| 6:12 | Create | Villager (Male) |
| 6:26 | Create | Fishing Ship |
| 7:15 | Create | Villager (Male) |
| 7:27 | Create | Fishing Ship |
| 7:37 | Build | House |
| 7:40 | Create | Villager (Male) |
| 8:14 | Create | Villager (Male) |
| 8:25 | Build | Settlement |
| 8:29 | Create | Villager (Male) |
| 8:38 | Build | House |
| 9:02 | Create | Villager (Male) |
| 9:35 | Research | Feudal Age |
| 9:47 | Build | Settlement |
| 10:06 | Build | House |
| 11:13 | Create | Villager (Male) |
| 11:14 | Create | Villager (Male) |
| 11:43 | Build | Palisade Gate |
| 11:51 | Age | Feudal Age |
| 11:57 | Build | Market |
| 12:07 | Create | Villager (Male) |
| 12:27 | Build | Blacksmith |
| 12:44 | Create | Villager (Male) |
| 12:59 | Build | Stone Wall |
| 13:10 | Create | Villager (Male) |
| 13:25 | Build | Settlement |
| 13:39 | Create | Villager (Male) |
| 13:50 | Build | House |
| 13:55 | Build | Stone Wall |
| 14:01 | Create | Villager (Male) |
| 14:18 | Build | Gate |
| 14:34 | Research | Castle Age |
| 15:19 | Research | Horse Collar |
| 15:52 | Research | Double-Bit Axe |
| 16:14 | Build | Farm |
| 16:18 | Build | Farm |
| 16:21 | Build | Farm |
| 16:25 | Build | Farm |
| 16:47 | Build | Farm |
| 16:54 | Research | Fletching |
| 17:00 | Create | Villager (Male) |
| 17:26 | Age | Castle Age |
| 17:31 | Create | Villager (Male) |
| 17:44 | Build | Farm |
| 17:57 | Create | Villager (Male) |
| 18:06 | Build | Castle |
| 18:14 | Create | Villager (Male) |
| 18:26 | Research | Heavy Plow |
| 18:39 | Research | Bow Saw |
| 18:55 | Create | Villager (Male) |
| 19:07 | Build | Farm |
| 19:15 | Build | Farm |
| 19:18 | Create | Villager (Male) |
| 19:30 | Create | Unit 2579 |
| 19:30 | Create | Unit 2579 |
| 19:31 | Create | Unit 2579 |
| 19:40 | Create | Unit 2579 |
| 19:43 | Create | Villager (Male) |
| 20:08 | Create | Villager (Male) |
| 20:16 | Create | Unit 2579 |
| 20:22 | Create | Villager (Male) |
| 20:35 | Create | Unit 2579 |
| 20:50 | Create | Unit 2579 |
| 20:51 | Create | Villager (Male) |
| 21:04 | Create | Unit 2579 |
| 21:05 | Create | Villager (Male) |
| 21:15 | Build | Farm |
| 21:16 | Build | Farm |
| 21:16 | Build | Farm |
| 21:46 | Create | Unit 2579 |
| 21:46 | Create | Unit 2579 |
| 21:49 | Create | Villager (Male) |
| 21:49 | Create | Villager (Male) |
| 22:22 | Research | Bodkin Arrow |
| 22:42 | Create | Villager (Male) |
| 22:51 | Create | Villager (Male) |
| 22:57 | Create | Unit 2579 |
| 22:57 | Create | Unit 2579 |
| 23:00 | Create | Villager (Male) |
| 23:18 | Create | Unit 2579 |
| 23:32 | Create | Unit 2579 |
| 23:34 | Create | Villager (Male) |
| 23:34 | Create | Villager (Male) |
| 23:40 | Build | Town Center |
| 24:06 | Create | Unit 2579 |
| 24:06 | Create | Unit 2579 |
| 24:08 | Create | Villager (Male) |
| 24:08 | Create | Villager (Male) |
| 24:08 | Create | Villager (Male) |
| 24:08 | Create | Villager (Male) |
| 24:09 | Create | Villager (Male) |
| 24:29 | Create | Villager (Male) |
| 24:36 | Research | Wheelbarrow |
| 24:56 | Create | Villager (Male) |
| 24:56 | Create | Villager (Male) |
| 25:20 | Create | Villager (Male) |
| 25:20 | Create | Villager (Male) |
| 25:22 | Create | Villager (Male) |
| 25:22 | Create | Villager (Male) |
| 25:34 | Build | Town Center |
| 25:36 | Create | Villager (Male) |
| 25:36 | Create | Villager (Male) |
| 25:47 | Build | Castle |
| 26:10 | Create | Unit 2579 |
| 26:11 | Create | Unit 2579 |
| 26:12 | Create | Villager (Male) |
| 26:12 | Create | Villager (Male) |
| 26:12 | Create | Villager (Male) |
| 26:14 | Create | Villager (Male) |
| 26:53 | Create | Villager (Male) |
| 26:54 | Create | Villager (Male) |
| 26:54 | Create | Villager (Male) |
| 27:18 | Create | Unit 2579 |
| 27:18 | Create | Unit 2579 |
| 27:18 | Create | Unit 2579 |
| 27:19 | Create | Unit 2579 |
| 27:32 | Build | Siege Workshop |
| 27:34 | Create | Villager (Male) |
| 27:34 | Create | Villager (Male) |
| 27:35 | Create | Villager (Male) |
| 27:35 | Create | Villager (Male) |
| 27:45 | Build | Farm |
| 27:45 | Build | Farm |
| 27:45 | Build | Farm |
| 27:57 | Create | Unit 2579 |
| 27:58 | Create | Unit 2579 |
| 27:58 | Create | Unit 2579 |
| 28:10 | Create | Villager (Male) |
| 28:11 | Create | Villager (Male) |
| 28:11 | Create | Villager (Male) |
| 28:20 | Build | Farm |
Build order — Dawidowww
First 150 of 212 actions detected
| 0:19 | Build | House |
| 0:29 | Build | Town Center |
| 1:26 | Build | Dock |
| 2:55 | Create | Villager (Male) ×4 |
| 2:55 | Create | Villager (Male) ×4 |
| 3:36 | Build | House |
| 4:22 | Create | Villager (Male) |
| 4:23 | Create | Villager (Male) |
| 4:32 | Create | Fishing Ship |
| 5:06 | Build | House |
| 5:09 | Create | Villager (Male) |
| 5:09 | Create | Villager (Male) |
| 5:42 | Create | Villager (Male) |
| 5:42 | Create | Villager (Male) |
| 5:50 | Build | House |
| 5:55 | Create | Villager (Male) |
| 5:56 | Create | Villager (Male) |
| 6:13 | Build | House |
| 6:15 | Build | House |
| 6:44 | Create | Villager (Male) ×2 |
| 6:44 | Create | Villager (Male) ×2 |
| 6:45 | Create | Fishing Ship |
| 7:13 | Create | Villager (Male) ×2 |
| 7:13 | Create | Villager (Male) ×2 |
| 7:17 | Create | Fishing Ship |
| 7:51 | Build | House |
| 7:59 | Create | Villager (Male) ×4 |
| 7:59 | Create | Villager (Male) ×4 |
| 8:14 | Create | Villager (Male) |
| 8:15 | Create | Villager (Male) |
| 8:18 | Build | House |
| 8:18 | Build | House |
| 8:48 | Create | Villager (Male) ×3 |
| 8:49 | Create | Fishing Ship |
| 9:28 | Create | Fishing Ship |
| 9:45 | Build | Mill |
| 9:56 | Create | Villager (Male) ×5 |
| 10:05 | Build | House |
| 10:08 | Create | Fishing Ship |
| 10:44 | Build | House |
| 10:56 | Research | Loom |
| 11:01 | Build | House |
| 11:07 | Build | House |
| 11:31 | Build | House |
| 11:47 | Research | Feudal Age |
| 12:27 | Build | Mining Camp |
| 13:02 | Build | Mining Camp |
| 13:47 | Build | Mining Camp |
| 13:52 | Create | Villager (Male) |
| 13:52 | Create | Villager (Male) |
| 13:57 | Age | Feudal Age |
| 14:02 | Build | Market |
| 14:06 | Build | Blacksmith |
| 14:25 | Create | Villager (Male) |
| 14:33 | Build | Lumber Camp |
| 15:03 | Research | Castle Age |
| 15:49 | Build | Outpost |
| 16:49 | Build | Outpost |
| 17:14 | Build | Outpost |
| 17:38 | Research | Town Watch |
| 17:48 | Build | House |
| 17:53 | Age | Castle Age |
| 17:56 | Create | Villager (Male) |
| 17:56 | Create | Villager (Male) |
| 18:24 | Build | Castle |
| 18:34 | Build | House |
| 18:49 | Build | House |
| 18:51 | Build | Palisade Wall |
| 18:54 | Build | Palisade Wall |
| 18:58 | Build | Palisade Wall |
| 19:26 | Build | Siege Workshop |
| 19:55 | Build | Town Center |
| 19:58 | Create | Battering Ram |
| 20:34 | Create | Battering Ram |
| 20:49 | Create | Villager (Male) |
| 21:01 | Create | Villager (Male) |
| 21:02 | Create | Villager (Male) |
| 21:35 | Create | Battering Ram |
| 21:35 | Create | Villager (Male) |
| 21:36 | Create | Villager (Male) |
| 22:08 | Create | Villager (Male) ×2 |
| 22:08 | Create | Villager (Male) ×2 |
| 22:44 | Create | Villager (Male) |
| 22:44 | Create | Villager (Male) |
| 23:15 | Create | Villager (Male) |
| 23:29 | Create | Villager (Male) ×2 |
| 23:29 | Create | Villager (Male) ×2 |
| 24:06 | Create | Villager (Male) ×2 |
| 24:07 | Create | Villager (Male) ×2 |
| 24:11 | Build | Mining Camp |
| 24:15 | Create | Mangudai |
| 24:24 | Create | Villager (Male) |
| 24:25 | Create | Villager (Male) |
| 24:57 | Create | Mangudai |
| 25:00 | Create | Villager (Male) ×2 |
| 25:01 | Create | Villager (Male) ×2 |
| 25:50 | Research | Horse Collar |
| 25:52 | Create | Villager (Male) |
| 25:53 | Create | Villager (Male) |
| 26:28 | Create | Villager (Male) ×2 |
| 26:28 | Create | Villager (Male) ×2 |
| 26:35 | Research | Heavy Plow |
| 26:50 | Build | Castle |
| 27:13 | Create | Mangudai |
| 27:15 | Create | Villager (Male) ×3 |
| 27:15 | Create | Villager (Male) ×3 |
| 27:26 | Build | Farm |
| 27:28 | Build | Farm |
| 27:29 | Build | Farm |
| 27:36 | Create | Villager (Male) |
| 27:36 | Create | Villager (Male) |
| 27:40 | Build | Farm |
| 27:43 | Build | Farm |
| 27:45 | Build | Farm |
| 27:48 | Create | Mangudai |
| 28:02 | Create | Mangudai |
| 28:06 | Create | Mangudai |
| 28:07 | Create | Mangudai |
| 28:07 | Create | Mangudai |
| 28:15 | Build | Farm |
| 28:20 | Build | Farm |
| 28:21 | Build | Farm |
| 28:22 | Build | Farm |
| 28:23 | Build | Farm |
| 28:29 | Build | Farm |
| 28:38 | Create | Mangudai ×4 |
| 28:40 | Create | Villager (Male) ×2 |
| 28:40 | Create | Villager (Male) ×2 |
| 29:21 | Create | Villager (Male) ×2 |
| 29:40 | Create | Villager (Male) |
| 29:46 | Build | University |
| 30:07 | Research | Fletching |
| 30:08 | Create | Villager (Male) |
| 30:08 | Create | Villager (Male) |
| 30:45 | Create | Villager (Male) ×4 |
| 30:45 | Create | Villager (Male) ×4 |
| 30:54 | Create | Mangudai ×5 |
| 31:24 | Create | Mangudai |
| 31:25 | Create | Villager (Male) ×3 |
| 31:29 | Research | Ballistics |
| 31:29 | Research | Ballistics |
| 31:52 | Create | Mangudai |
| 31:52 | Create | Mangudai |
| 32:06 | Create | Villager (Male) ×4 |
| 32:11 | Build | Farm |
| 32:39 | Research | Padded Archer Armor |
| 32:56 | Build | Farm |
| 33:04 | Build | Town Center |
| 33:07 | Research | Wheelbarrow |
| 33:29 | Build | Barracks |
Build order — OM | Benja FC
First 150 of 243 actions detected
| 0:22 | Build | Town Center |
| 1:36 | Build | Palisade Wall |
| 1:42 | Build | Palisade Wall |
| 1:44 | Build | Palisade Wall |
| 2:05 | Build | Dock |
| 2:44 | Build | Palisade Wall |
| 2:47 | Build | Palisade Wall |
| 2:53 | Build | House |
| 2:54 | Create | Villager (Male) |
| 2:56 | Create | Villager (Male) |
| 3:19 | Build | Palisade Wall |
| 3:26 | Build | Palisade Wall |
| 3:26 | Build | Palisade Wall |
| 3:27 | Build | Palisade Wall |
| 3:28 | Create | Villager (Male) |
| 3:28 | Create | Villager (Male) |
| 4:16 | Build | House |
| 4:23 | Research | Loom |
| 4:48 | Create | Fishing Ship |
| 5:37 | Create | Villager (Male) |
| 6:07 | Create | Villager (Male) |
| 6:31 | Create | Villager (Male) |
| 6:57 | Create | Fishing Ship |
| 6:57 | Create | Fishing Ship |
| 7:04 | Create | Villager (Male) |
| 7:23 | Create | Villager (Male) |
| 7:42 | Create | Villager (Male) |
| 7:42 | Create | Villager (Male) |
| 7:50 | Create | Villager (Male) |
| 7:58 | Create | Fishing Ship |
| 8:31 | Build | House |
| 8:34 | Create | Villager (Male) |
| 8:34 | Create | Villager (Male) |
| 8:35 | Create | Villager (Male) |
| 9:06 | Create | Fishing Ship |
| 9:26 | Create | Fishing Ship |
| 9:37 | Create | Villager (Male) |
| 10:01 | Create | Fishing Ship |
| 10:26 | Build | House |
| 10:27 | Create | Villager (Male) |
| 10:38 | Build | Barracks |
| 10:47 | Create | Fishing Ship |
| 11:01 | Create | Villager (Male) |
| 11:26 | Build | Mill |
| 11:35 | Create | Villager (Male) |
| 11:42 | Build | House |
| 11:43 | Build | House |
| 11:52 | Create | Villager (Male) |
| 12:13 | Create | Fishing Ship |
| 12:30 | Create | Villager (Male) |
| 12:52 | Build | Lumber Camp |
| 13:00 | Research | Feudal Age |
| 13:12 | Build | House |
| 13:35 | Build | House |
| 13:37 | Build | Palisade Wall |
| 13:57 | Build | Palisade Wall |
| 15:10 | Age | Feudal Age |
| 15:20 | Create | Villager (Male) |
| 15:25 | Build | Market |
| 15:47 | Build | Archery Range |
| 15:49 | Create | Villager (Male) |
| 15:57 | Build | Mining Camp |
| 15:59 | Create | Villager (Male) |
| 16:10 | Build | Blacksmith |
| 16:45 | Create | Villager (Male) |
| 17:09 | Create | Villager (Male) |
| 18:21 | Research | Castle Age |
| 21:01 | Age | Castle Age |
| 21:10 | Build | Castle |
| 21:22 | Build | Castle |
| 21:26 | Create | Villager (Male) |
| 21:29 | Create | Villager (Male) |
| 21:45 | Build | Town Center |
| 23:17 | Build | Farm |
| 23:17 | Build | Farm |
| 23:38 | Build | Farm |
| 23:48 | Build | Farm |
| 23:51 | Build | Farm |
| 24:52 | Build | Town Center |
| 25:07 | Create | Mameluke |
| 25:27 | Create | Villager (Male) |
| 25:31 | Build | Farm |
| 25:54 | Create | Mameluke |
| 25:55 | Create | Mameluke |
| 26:10 | Build | Farm |
| 26:30 | Create | Villager (Male) |
| 26:55 | Create | Villager (Male) |
| 27:00 | Create | Villager (Male) |
| 27:02 | Create | Villager (Male) |
| 27:04 | Build | Farm |
| 27:06 | Build | Farm |
| 27:19 | Create | Mameluke |
| 27:52 | Create | Villager (Male) |
| 27:53 | Create | Villager (Male) |
| 27:55 | Build | Farm |
| 27:56 | Build | Farm |
| 28:06 | Research | Fletching |
| 28:08 | Create | Villager (Male) |
| 28:13 | Build | Farm |
| 28:21 | Create | Villager (Male) |
| 28:23 | Build | Farm |
| 28:36 | Create | Villager (Male) |
| 28:40 | Build | Farm |
| 29:24 | Create | Villager (Male) |
| 29:24 | Create | Villager (Male) |
| 29:35 | Build | Town Center |
| 29:41 | Create | Mameluke |
| 29:55 | Create | Villager (Male) |
| 29:55 | Create | Villager (Male) |
| 30:05 | Create | Villager (Male) |
| 30:06 | Create | Villager (Male) |
| 30:23 | Create | Villager (Male) |
| 31:08 | Create | Villager (Male) |
| 31:09 | Create | Villager (Male) |
| 31:15 | Build | Farm |
| 31:15 | Build | Farm |
| 31:16 | Build | Farm |
| 31:16 | Build | Farm |
| 31:16 | Build | Farm |
| 31:16 | Build | Farm |
| 31:17 | Build | Farm |
| 31:17 | Build | Farm |
| 31:18 | Create | Villager (Male) |
| 31:37 | Create | Villager (Male) |
| 31:38 | Create | Villager (Male) |
| 31:41 | Build | Farm |
| 31:42 | Create | Villager (Male) |
| 32:28 | Create | Mameluke |
| 32:29 | Create | Villager (Male) |
| 32:30 | Create | Villager (Male) |
| 32:49 | Create | Mameluke |
| 32:49 | Create | Villager (Male) |
| 32:50 | Create | Villager (Male) |
| 32:56 | Build | Mill |
| 32:57 | Build | Farm |
| 32:57 | Build | Farm |
| 32:58 | Build | Farm |
| 32:58 | Build | Farm |
| 32:58 | Build | Farm |
| 32:58 | Build | Farm |
| 33:04 | Create | Mameluke |
| 33:09 | Create | Mameluke |
| 33:10 | Create | Villager (Male) |
| 33:11 | Create | Villager (Male) |
| 33:19 | Create | Villager (Male) |
| 33:50 | Create | Villager (Male) |
| 33:51 | Create | Villager (Male) |
| 33:55 | Create | Villager (Male) |
| 34:09 | Create | Villager (Male) |
| 34:10 | Create | Villager (Male) |
Build order — Bass
First 150 of 238 actions detected
| 1:23 | Build | Dock |
| 1:30 | Build | House |
| 1:42 | Build | Town Center |
| 1:59 | Build | House |
| 2:02 | Build | Palisade Wall |
| 2:05 | Build | Palisade Wall |
| 3:46 | Create | Villager (Male) |
| 3:47 | Create | Villager (Male) |
| 3:47 | Create | Villager (Male) |
| 3:47 | Create | Villager (Male) |
| 4:25 | Research | Loom |
| 4:25 | Research | Loom |
| 4:51 | Create | Villager (Male) |
| 4:51 | Create | Villager (Male) |
| 4:51 | Create | Villager (Male) |
| 5:32 | Create | Villager (Male) |
| 6:05 | Create | Villager (Male) |
| 6:05 | Create | Villager (Male) |
| 6:22 | Build | House |
| 6:33 | Create | Villager (Male) |
| 6:33 | Create | Villager (Male) |
| 6:33 | Create | Villager (Male) |
| 7:01 | Create | Villager (Male) |
| 7:12 | Create | Fishing Ship |
| 7:45 | Create | Villager (Male) |
| 8:01 | Build | House |
| 8:09 | Create | Villager (Male) |
| 8:37 | Create | Fishing Ship |
| 8:45 | Create | Villager (Male) |
| 8:53 | Build | House |
| 8:56 | Build | Palisade Wall |
| 9:11 | Create | Villager (Male) |
| 9:31 | Create | Fishing Ship |
| 9:35 | Create | Villager (Male) |
| 10:00 | Create | Villager (Male) |
| 10:17 | Build | House |
| 10:21 | Create | Villager (Male) |
| 10:28 | Build | Palisade Wall |
| 10:52 | Create | Villager (Male) |
| 10:59 | Build | Lumber Camp |
| 11:19 | Build | Palisade Wall |
| 11:25 | Build | Palisade Wall |
| 11:30 | Research | Feudal Age |
| 11:31 | Research | Feudal Age |
| 11:31 | Research | Feudal Age |
| 12:02 | Build | Mining Camp |
| 12:37 | Build | Dock |
| 13:40 | Age | Feudal Age |
| 13:50 | Build | House |
| 13:52 | Create | Villager (Male) |
| 13:54 | Create | Transport Ship |
| 13:59 | Create | Transport Ship |
| 14:03 | Create | Galley |
| 14:04 | Create | Galley |
| 14:05 | Create | Villager (Male) |
| 14:09 | Research | Double-Bit Axe |
| 14:09 | Research | Double-Bit Axe |
| 14:18 | Build | House |
| 14:23 | Build | House |
| 14:28 | Build | Palisade Wall |
| 14:37 | Create | Villager (Male) |
| 14:44 | Create | Galley |
| 14:47 | Create | Galley |
| 15:02 | Create | Villager (Male) |
| 15:03 | Create | Villager (Male) |
| 15:28 | Create | Galley |
| 15:32 | Create | Galley |
| 15:32 | Create | Galley |
| 15:32 | Create | Galley |
| 15:33 | Create | Villager (Male) |
| 15:40 | Build | House |
| 15:52 | Build | Outpost |
| 16:01 | Create | Villager (Male) |
| 16:38 | Build | Blacksmith |
| 16:44 | Research | Wheelbarrow |
| 16:44 | Research | Town Watch |
| 17:20 | Create | Fishing Ship |
| 17:20 | Create | Fishing Ship |
| 17:28 | Research | Fletching |
| 17:28 | Research | Fletching |
| 17:37 | Build | House |
| 17:57 | Build | Mill |
| 18:09 | Create | Villager (Male) |
| 18:09 | Create | Villager (Male) |
| 18:21 | Build | Stone Wall |
| 18:23 | Build | Stone Wall |
| 18:24 | Build | Stone Wall |
| 18:40 | Build | Stone Wall |
| 18:41 | Build | Stone Wall |
| 18:44 | Create | Villager (Male) |
| 18:44 | Create | Villager (Male) |
| 18:47 | Build | Mining Camp |
| 18:59 | Build | Stone Wall |
| 19:02 | Build | Stone Wall |
| 19:37 | Build | Market |
| 20:15 | Build | House |
| 20:16 | Build | House |
| 20:18 | Build | Stone Wall |
| 20:19 | Build | Stone Wall |
| 20:20 | Build | Stone Wall |
| 20:30 | Build | Watch Tower |
| 20:40 | Build | House |
| 21:16 | Build | Watch Tower |
| 21:39 | Build | House |
| 21:42 | Build | House |
| 22:21 | Build | House |
| 22:24 | Build | House |
| 22:32 | Build | Stone Wall |
| 22:35 | Build | House |
| 22:39 | Research | Castle Age |
| 22:40 | Research | Castle Age |
| 23:12 | Build | Mining Camp |
| 23:20 | Build | Watch Tower |
| 23:34 | Build | House |
| 23:37 | Build | House |
| 25:19 | Age | Castle Age |
| 25:25 | Build | Dock |
| 25:53 | Create | Fishing Ship ×5 |
| 26:06 | Research | Bodkin Arrow |
| 26:07 | Research | Bodkin Arrow |
| 26:28 | Build | House |
| 26:31 | Build | House |
| 26:37 | Build | Castle |
| 27:02 | Build | House |
| 27:04 | Build | Stone Wall |
| 28:06 | Build | Gate |
| 28:15 | Build | Blacksmith |
| 28:17 | Build | House |
| 28:18 | Build | House |
| 28:22 | Build | Stone Wall |
| 29:07 | Build | Town Center |
| 30:30 | Build | Lumber Camp |
| 30:45 | Build | Stone Wall |
| 30:47 | Build | Stone Wall |
| 31:34 | Build | Dock |
| 33:04 | Build | Town Center |
| 33:34 | Create | Villager (Male) |
| 33:34 | Create | Villager (Male) |
| 33:35 | Create | Villager (Male) |
| 33:46 | Build | Mill |
| 33:55 | Create | Villager (Male) |
| 33:55 | Create | Villager (Male) |
| 33:56 | Create | Villager (Male) |
| 33:56 | Create | Villager (Male) |
| 34:22 | Research | Bow Saw |
| 34:22 | Research | Bow Saw |
| 34:51 | Build | Dock |
| 35:07 | Create | Villager (Male) |
| 35:08 | Create | Villager (Male) |
| 35:10 | Create | Villager (Male) |
Build order — OM | Salomé Costecho
First 150 of 313 actions detected
| 0:18 | Build | Town Center |
| 1:17 | Build | Dock |
| 1:21 | Build | House |
| 2:45 | Create | Villager (Male) |
| 2:45 | Create | Villager (Male) |
| 2:46 | Create | Villager (Male) |
| 2:46 | Create | Villager (Male) |
| 3:24 | Create | Fishing Ship |
| 4:04 | Create | Villager (Male) |
| 4:04 | Create | Villager (Male) |
| 4:15 | Build | House |
| 4:45 | Create | Villager (Male) |
| 4:45 | Create | Villager (Male) |
| 4:45 | Create | Villager (Male) |
| 4:46 | Create | Villager (Male) |
| 5:28 | Create | Villager (Male) |
| 5:28 | Create | Villager (Male) |
| 5:28 | Create | Villager (Male) |
| 5:54 | Create | Villager (Male) |
| 5:58 | Create | Villager (Male) |
| 5:58 | Create | Villager (Male) |
| 6:02 | Build | House |
| 6:14 | Create | Villager (Male) |
| 6:14 | Create | Villager (Male) |
| 6:57 | Create | Villager (Male) |
| 7:05 | Create | Fishing Ship |
| 7:05 | Create | Fishing Ship |
| 7:16 | Create | Villager (Male) |
| 7:17 | Create | Villager (Male) |
| 7:17 | Create | Villager (Male) |
| 7:18 | Create | Villager (Male) |
| 7:18 | Create | Villager (Male) |
| 7:26 | Create | Villager (Male) |
| 7:26 | Create | Villager (Male) |
| 7:27 | Create | Villager (Male) |
| 8:02 | Create | Villager (Male) |
| 8:02 | Create | Villager (Male) |
| 8:02 | Create | Villager (Male) |
| 8:03 | Create | Villager (Male) |
| 8:09 | Create | Villager (Male) |
| 8:09 | Create | Villager (Male) |
| 8:10 | Create | Villager (Male) |
| 8:15 | Create | Fishing Ship |
| 8:23 | Build | House |
| 8:47 | Build | House |
| 8:54 | Create | Villager (Male) |
| 8:54 | Create | Villager (Male) |
| 9:12 | Create | Villager (Male) |
| 9:20 | Build | Mill |
| 9:38 | Create | Fishing Ship |
| 9:39 | Create | Fishing Ship |
| 11:15 | Research | Feudal Age |
| 11:21 | Build | Mining Camp |
| 11:40 | Build | Dock |
| 11:46 | Create | Fishing Ship |
| 11:48 | Create | Fishing Ship |
| 12:04 | Build | Outpost |
| 12:23 | Create | Fishing Ship |
| 12:24 | Create | Fishing Ship |
| 12:31 | Create | Villager (Male) |
| 12:40 | Age | Feudal Age |
| 12:42 | Research | Town Watch |
| 12:43 | Research | Loom |
| 12:45 | Create | Villager (Male) |
| 12:55 | Create | Fire Galley |
| 12:56 | Create | Fire Galley |
| 13:14 | Create | Villager (Male) |
| 13:17 | Create | Fire Galley |
| 13:17 | Create | Fire Galley |
| 13:19 | Create | Villager (Male) |
| 14:04 | Create | Fire Galley |
| 14:04 | Create | Fire Galley |
| 14:05 | Create | Villager (Male) |
| 14:23 | Create | Fire Galley |
| 14:24 | Create | Villager (Male) |
| 14:30 | Build | House |
| 14:34 | Build | House |
| 14:44 | Create | Villager (Male) |
| 14:54 | Create | Villager (Male) |
| 14:54 | Create | Villager (Male) |
| 14:55 | Create | Villager (Male) |
| 14:55 | Create | Villager (Male) |
| 15:30 | Create | Unit 2626 |
| 15:30 | Create | Unit 2626 |
| 15:39 | Create | Villager (Male) |
| 15:53 | Create | Fire Galley |
| 15:53 | Create | Fire Galley |
| 15:54 | Create | Villager (Male) |
| 16:09 | Create | Villager (Male) |
| 16:23 | Build | Blacksmith |
| 16:33 | Build | House |
| 16:34 | Build | House |
| 16:57 | Create | Fire Galley |
| 16:59 | Create | Villager (Male) |
| 18:38 | Create | Fire Galley |
| 18:38 | Create | Fire Galley |
| 18:39 | Create | Fire Galley |
| 18:42 | Create | Villager (Male) |
| 18:52 | Build | Market |
| 19:00 | Build | Mining Camp |
| 19:12 | Create | Unit 2626 |
| 19:12 | Create | Unit 2626 |
| 19:14 | Create | Villager (Male) |
| 19:34 | Research | Castle Age |
| 19:48 | Create | Villager (Male) |
| 20:29 | Create | Villager (Male) |
| 21:11 | Create | Villager (Male) |
| 21:18 | Research | Stone Mining |
| 21:29 | Build | Outpost |
| 21:57 | Build | House |
| 21:58 | Build | House |
| 21:59 | Build | House |
| 22:14 | Age | Castle Age |
| 22:23 | Create | Trade Cog |
| 22:49 | Create | Villager (Male) |
| 23:02 | Build | Castle |
| 23:27 | Create | Fire Galley |
| 23:27 | Create | Fire Galley |
| 23:28 | Create | Fire Galley |
| 23:28 | Create | Fire Galley |
| 23:44 | Build | Siege Workshop |
| 23:48 | Build | Mining Camp |
| 24:37 | Research | War Galley (upgrade) |
| 25:04 | Create | Battering Ram |
| 25:04 | Create | Battering Ram |
| 25:06 | Create | Villager (Male) |
| 25:07 | Create | Villager (Male) |
| 25:07 | Create | Villager (Male) |
| 25:07 | Create | Villager (Male) |
| 25:37 | Build | House |
| 25:53 | Build | Town Center |
| 26:01 | Build | Farm |
| 26:01 | Build | Farm |
| 26:02 | Build | Farm |
| 26:02 | Build | Farm |
| 26:02 | Build | Farm |
| 26:02 | Build | Farm |
| 26:03 | Build | Farm |
| 26:03 | Build | Farm |
| 26:03 | Build | Farm |
| 26:03 | Build | Farm |
| 26:04 | Build | Farm |
| 26:04 | Build | Farm |
| 26:04 | Build | Farm |
| 26:22 | Create | Karambit Warrior |
| 26:22 | Create | Karambit Warrior |
| 26:22 | Create | Karambit Warrior |
| 26:23 | Create | Karambit Warrior |
| 26:23 | Create | Karambit Warrior |
| 26:23 | Create | Karambit Warrior |
Build order — [BadStart] The Shadow
First 150 of 505 actions detected
| 0:13 | Build | Town Center |
| 0:39 | Build | Dock |
| 0:47 | Build | House |
| 2:39 | Create | Villager (Male) |
| 2:39 | Create | Villager (Male) |
| 2:39 | Create | Villager (Male) |
| 2:40 | Create | Villager (Male) |
| 2:40 | Create | Villager (Male) |
| 3:53 | Create | Villager (Male) |
| 3:53 | Create | Villager (Male) |
| 4:16 | Create | Fishing Ship |
| 4:16 | Create | Fishing Ship |
| 4:42 | Research | Loom |
| 4:50 | Build | House |
| 5:07 | Create | Villager (Male) |
| 5:08 | Create | Villager (Male) |
| 5:11 | Create | Fishing Ship |
| 5:11 | Create | Fishing Ship |
| 5:47 | Create | Villager (Male) |
| 5:47 | Create | Villager (Male) |
| 5:59 | Create | Fishing Ship |
| 5:59 | Create | Fishing Ship |
| 6:06 | Build | House |
| 6:18 | Create | Villager (Male) |
| 6:19 | Create | Villager (Male) |
| 6:43 | Create | Villager (Male) |
| 7:03 | Create | Villager (Male) |
| 7:03 | Create | Villager (Male) |
| 7:07 | Create | Fishing Ship |
| 7:22 | Create | Villager (Male) |
| 7:22 | Create | Villager (Male) |
| 7:25 | Create | Villager (Male) |
| 7:49 | Create | Villager (Male) |
| 7:58 | Create | Fishing Ship |
| 7:58 | Create | Fishing Ship |
| 7:59 | Create | Villager (Male) |
| 7:59 | Create | Villager (Male) |
| 8:01 | Build | House |
| 8:07 | Create | Villager (Male) |
| 8:31 | Create | Villager (Male) |
| 8:31 | Create | Villager (Male) |
| 8:40 | Create | Villager (Male) |
| 8:40 | Create | Villager (Male) |
| 8:49 | Create | Villager (Male) |
| 8:49 | Create | Villager (Male) |
| 9:01 | Create | Villager (Male) |
| 9:02 | Create | Fishing Ship |
| 9:12 | Create | Villager (Male) |
| 9:13 | Create | Villager (Male) |
| 9:35 | Create | Villager (Male) |
| 9:36 | Build | House |
| 9:44 | Build | Lumber Camp |
| 9:51 | Create | Villager (Male) |
| 9:57 | Create | Fishing Ship |
| 9:58 | Create | Fishing Ship |
| 9:59 | Create | Villager (Male) |
| 10:08 | Create | Villager (Male) |
| 10:09 | Create | Villager (Male) ×2 |
| 10:27 | Build | House |
| 10:36 | Create | Villager (Male) |
| 10:42 | Build | House |
| 10:59 | Create | Villager (Male) |
| 11:04 | Build | Mill |
| 11:30 | Research | Feudal Age |
| 11:37 | Create | Fishing Ship |
| 11:45 | Build | House |
| 12:37 | Create | Fishing Ship |
| 13:10 | Create | Villager (Male) |
| 13:10 | Create | Villager (Male) |
| 13:18 | Build | Dock |
| 13:54 | Age | Feudal Age |
| 13:55 | Build | Blacksmith |
| 13:57 | Build | Market |
| 14:12 | Research | Double-Bit Axe |
| 14:45 | Research | Castle Age |
| 14:45 | Research | Castle Age |
| 14:48 | Create | Fire Galley |
| 15:07 | Create | Villager (Male) |
| 15:20 | Build | Mill |
| 15:23 | Build | House |
| 15:25 | Create | Fire Galley |
| 15:42 | Research | Fletching |
| 15:42 | Research | Fletching |
| 15:49 | Create | Villager (Male) |
| 16:03 | Research | Tech 906 |
| 16:07 | Build | House |
| 16:16 | Research | Tech 906 |
| 16:16 | Research | Tech 906 |
| 16:23 | Create | Fire Galley |
| 16:24 | Create | Fire Galley |
| 16:51 | Build | Mining Camp |
| 16:57 | Create | Villager (Male) |
| 16:58 | Build | Dock |
| 17:00 | Create | Fire Galley |
| 17:25 | Age | Castle Age |
| 17:28 | Research | Tech 905 |
| 17:53 | Create | Fire Galley |
| 17:54 | Create | Fire Galley |
| 17:56 | Build | House |
| 18:18 | Create | Fire Galley |
| 18:18 | Create | Fire Galley |
| 18:26 | Create | Fire Galley |
| 18:41 | Create | Villager (Male) ×5 |
| 18:41 | Create | Villager (Male) |
| 18:42 | Create | Villager (Male) |
| 18:43 | Build | House |
| 19:03 | Research | War Galley (upgrade) |
| 19:21 | Create | Villager (Male) |
| 19:21 | Create | Villager (Male) |
| 19:28 | Research | Bow Saw |
| 19:28 | Research | Bow Saw |
| 19:36 | Research | Gold Mining |
| 19:36 | Research | Gold Mining |
| 19:55 | Create | Villager (Male) |
| 19:55 | Create | Villager (Male) |
| 19:56 | Create | Villager (Male) |
| 19:56 | Create | Villager (Male) |
| 19:56 | Create | Fire Galley |
| 20:06 | Create | Fire Galley |
| 20:06 | Create | Fire Galley |
| 20:08 | Create | Villager (Male) |
| 20:08 | Create | Villager (Male) |
| 20:09 | Create | Villager (Male) |
| 20:09 | Create | Villager (Male) ×5 |
| 20:09 | Create | Villager (Male) |
| 20:27 | Create | Fire Galley |
| 20:28 | Create | Fire Galley |
| 20:29 | Create | Villager (Male) |
| 20:34 | Create | Fire Galley |
| 20:34 | Create | Fire Galley |
| 20:54 | Create | Fire Galley |
| 20:54 | Create | Fire Galley |
| 21:01 | Create | Fire Galley |
| 21:01 | Create | Fire Galley |
| 21:06 | Create | Fire Galley |
| 21:06 | Create | Fire Galley |
| 21:07 | Create | Fire Galley |
| 21:18 | Create | Fire Galley |
| 21:18 | Create | Fire Galley |
| 21:34 | Research | Tech 906 |
| 21:34 | Research | Tech 906 |
| 21:43 | Create | Galley |
| 21:43 | Create | Galley |
| 22:04 | Build | Town Center |
| 22:42 | Create | Villager (Male) |
| 22:43 | Build | House |
| 22:53 | Build | Town Center |
| 22:55 | Create | Villager (Male) |
| 23:19 | Create | Villager (Male) |
| 23:21 | Build | House |
Build order — Vexul
First 150 of 181 actions detected
| 0:22 | Build | Town Center |
| 1:07 | Build | Dock |
| 2:52 | Create | Villager (Male) |
| 2:52 | Create | Villager (Male) |
| 2:52 | Create | Villager (Male) |
| 2:53 | Create | Villager (Male) |
| 2:53 | Create | Villager (Male) |
| 3:34 | Create | Fishing Ship |
| 3:45 | Create | Villager (Male) |
| 4:26 | Build | House |
| 4:48 | Create | Villager (Male) |
| 5:30 | Create | Villager (Male) |
| 5:33 | Create | Fishing Ship |
| 5:48 | Create | Villager (Male) |
| 6:08 | Create | Fishing Ship |
| 6:17 | Build | House |
| 6:33 | Research | Loom |
| 6:40 | Create | Villager (Male) |
| 6:54 | Create | Fishing Ship |
| 7:28 | Create | Villager (Male) |
| 7:39 | Create | Villager (Male) |
| 7:39 | Create | Villager (Male) |
| 7:53 | Build | House |
| 8:03 | Create | Fishing Ship |
| 8:04 | Create | Fishing Ship |
| 8:16 | Create | Villager (Male) |
| 8:16 | Create | Villager (Male) |
| 8:45 | Build | Mining Camp |
| 8:53 | Create | Villager (Male) |
| 9:37 | Create | Villager (Male) |
| 9:56 | Build | House |
| 10:09 | Create | Villager (Male) |
| 10:22 | Build | Dock |
| 10:48 | Research | Feudal Age |
| 10:57 | Build | Lumber Camp |
| 11:29 | Build | Palisade Wall |
| 11:35 | Build | Palisade Wall |
| 11:59 | Build | Dock |
| 12:03 | Create | Fishing Ship |
| 12:13 | Create | Fishing Ship |
| 12:20 | Create | Villager (Male) |
| 12:20 | Create | Villager (Male) |
| 12:58 | Age | Feudal Age |
| 13:02 | Create | Galley |
| 13:04 | Create | Galley |
| 13:06 | Create | Galley |
| 13:11 | Research | Gold Mining |
| 13:33 | Research | Double-Bit Axe |
| 13:41 | Create | Villager (Male) |
| 13:49 | Build | Blacksmith |
| 14:35 | Create | Galley |
| 14:35 | Create | Galley |
| 14:35 | Create | Galley |
| 14:35 | Create | Galley |
| 14:36 | Create | Villager (Male) |
| 14:37 | Create | Villager (Male) |
| 15:06 | Research | Fletching |
| 15:09 | Create | Villager (Male) |
| 15:18 | Build | House |
| 15:27 | Build | House |
| 15:33 | Build | Mining Camp |
| 15:49 | Create | Villager (Male) |
| 16:11 | Build | House |
| 16:32 | Build | Mill |
| 16:37 | Create | Villager (Male) |
| 16:47 | Create | Villager (Male) |
| 16:48 | Create | Villager (Male) |
| 17:11 | Build | Watch Tower |
| 17:42 | Create | Villager (Male) |
| 18:21 | Build | Market |
| 19:12 | Research | Castle Age |
| 19:23 | Build | Mining Camp |
| 20:38 | Research | Stone Mining |
| 20:55 | Build | Mining Camp |
| 21:52 | Age | Castle Age |
| 22:05 | Research | Bow Saw |
| 22:13 | Build | Town Center |
| 22:33 | Research | War Galley (upgrade) |
| 22:37 | Research | Bodkin Arrow |
| 23:02 | Create | Villager (Male) |
| 23:02 | Create | Villager (Male) |
| 23:27 | Create | Galley |
| 23:29 | Create | Galley |
| 23:49 | Create | Villager (Male) |
| 23:51 | Create | Villager (Male) |
| 24:11 | Create | Fire Galley |
| 24:43 | Create | Villager (Male) |
| 24:44 | Create | Villager (Male) |
| 26:16 | Build | Town Center |
| 26:18 | Create | Villager (Male) |
| 26:22 | Build | House |
| 26:37 | Create | Villager (Male) |
| 26:41 | Build | House |
| 26:42 | Build | House |
| 27:16 | Build | Castle |
| 27:20 | Create | Villager (Male) |
| 27:21 | Create | Villager (Male) |
| 27:38 | Create | Villager (Male) |
| 28:13 | Create | Villager (Male) |
| 28:59 | Build | Town Center |
| 29:05 | Create | Villager (Male) |
| 29:07 | Research | Wheelbarrow |
| 29:12 | Create | Villager (Male) |
| 29:53 | Build | Market |
| 30:18 | Create | Villager (Male) |
| 30:30 | Create | Villager (Male) |
| 30:36 | Create | Villager (Male) |
| 30:37 | Create | Villager (Male) |
| 30:47 | Create | Villager (Male) |
| 30:49 | Create | Villager (Male) |
| 30:52 | Create | Villager (Male) |
| 30:53 | Create | Villager (Male) |
| 31:55 | Research | Horse Collar |
| 32:02 | Build | Farm |
| 32:03 | Build | Farm |
| 32:04 | Build | Farm |
| 32:06 | Create | Villager (Male) |
| 32:07 | Create | Villager (Male) |
| 32:12 | Create | Villager (Male) |
| 32:14 | Build | Farm |
| 32:16 | Build | Farm |
| 32:18 | Build | Farm |
| 32:19 | Build | Farm |
| 32:42 | Create | Urumi Swordsman |
| 32:46 | Create | Urumi Swordsman |
| 32:52 | Create | Villager (Male) |
| 32:53 | Create | Villager (Male) |
| 32:56 | Create | Villager (Male) |
| 32:57 | Create | Villager (Male) |
| 32:59 | Create | Villager (Male) |
| 33:00 | Create | Villager (Male) |
| 33:15 | Build | Farm |
| 33:17 | Build | Farm |
| 33:26 | Create | Villager (Male) |
| 33:31 | Build | Barracks |
| 33:44 | Build | Blacksmith |
| 33:56 | Create | Urumi Swordsman |
| 34:01 | Create | Villager (Male) |
| 34:12 | Research | Squires |
| 34:14 | Research | Gambesons |
| 34:20 | Create | Urumi Swordsman |
| 34:20 | Create | Urumi Swordsman |
| 34:22 | Create | Villager (Male) |
| 34:26 | Create | Villager (Male) |
| 34:34 | Build | Lumber Camp |
| 35:00 | Research | Town Watch |
| 35:02 | Create | Villager (Male) |
| 35:03 | Create | Villager (Male) |
| 35:04 | Create | Villager (Male) |
| 35:14 | Build | Mining Camp |
Match timeline
| 0:39 | [BadStart] The Shadow · first_building Dock |
| 1:07 | Vexul · first_building Dock |
| 1:17 | OM | Romeo sins · first_building Dock |
| 1:17 | OM | Salomé Costecho · first_building Dock |
| 1:23 | Bass · first_building Dock |
| 1:26 | Dawidowww · first_building Dock |
| 1:32 | Libet · first_building Dock |
| 1:36 | OM | Benja FC · wall_segment Palisade Wall x1 |
| 1:42 | OM | Benja FC · wall_segment Palisade Wall x1 |
| 1:44 | OM | Benja FC · wall_segment Palisade Wall x1 |
| 2:02 | Bass · wall_segment Palisade Wall x1 |
| 2:05 | OM | Benja FC · first_building Dock |
| 2:05 | Bass · wall_segment Palisade Wall x1 |
| 2:44 | OM | Benja FC · wall_segment Palisade Wall x1 |
| 2:47 | OM | Benja FC · wall_segment Palisade Wall x1 |
| 3:19 | OM | Benja FC · wall_segment Palisade Wall x1 |
| 3:26 | OM | Benja FC · wall_segment Palisade Wall x1 |
| 3:26 | OM | Benja FC · wall_segment Palisade Wall x1 |
| 3:27 | OM | Benja FC · wall_segment Palisade Wall x1 |
| 8:56 | Bass · wall_segment Palisade Wall x3 |
| 9:51 | Libet · wall_segment Palisade Wall x5 |
| 9:54 | Libet · wall_segment Palisade Wall x3 |
| 10:28 | Bass · wall_segment Palisade Wall x1 |
| 10:38 | OM | Benja FC · first_building Barracks |
| 11:19 | Bass · wall_segment Palisade Wall x15 |
| 11:25 | Bass · wall_segment Palisade Wall x1 |
| 11:29 | Vexul · wall_segment Palisade Wall x5 |
| 11:35 | Vexul · wall_segment Palisade Wall x4 |
| 11:51 | OM | Romeo sins · age_up feudal |
| 12:40 | OM | Salomé Costecho · age_up feudal |
| 12:58 | Vexul · age_up feudal |
| 12:59 | OM | Romeo sins · wall_segment Stone Wall x4 |
| 13:07 | Libet · wall_segment Palisade Wall x3 |
| 13:37 | OM | Benja FC · wall_segment Palisade Wall x7 |
| 13:40 | Bass · age_up feudal |
| 13:54 | [BadStart] The Shadow · age_up feudal |
| 13:55 | OM | Romeo sins · wall_segment Stone Wall x9 |
| 13:56 | Libet · age_up feudal |
| 13:57 | OM | Benja FC · wall_segment Palisade Wall x8 |
| 13:57 | Dawidowww · age_up feudal |
| 14:28 | Bass · wall_segment Palisade Wall x1 |
| 15:10 | OM | Benja FC · age_up feudal |
| 15:47 | OM | Benja FC · first_building Archery Range |
| 16:46 | Libet · wall_segment Palisade Wall x4 |
| 16:48 | Libet · wall_segment Palisade Wall x3 |
| 16:53 | OM | Romeo sins · first_market_buy 100 food |
| 17:19 | OM | Benja FC · first_market_sell 100 wood |
| 17:25 | [BadStart] The Shadow · age_up castle |
| 17:26 | OM | Romeo sins · age_up castle |
| 17:41 | OM | Benja FC · first_market_buy 100 food |
| 17:53 | Dawidowww · age_up castle |
| 18:06 | OM | Romeo sins · first_building Castle |
| 18:21 | Bass · wall_segment Stone Wall x1 |
| 18:23 | Bass · wall_segment Stone Wall x1 |
| 18:24 | Bass · wall_segment Stone Wall x1 |
| 18:24 | Dawidowww · first_building Castle |
| 18:40 | Bass · wall_segment Stone Wall x11 |
| 18:41 | Bass · wall_segment Stone Wall x14 |
| 18:51 | Dawidowww · wall_segment Palisade Wall x1 |
| 18:54 | Dawidowww · wall_segment Palisade Wall x1 |
| 18:58 | Dawidowww · wall_segment Palisade Wall x1 |
| 18:59 | Bass · wall_segment Stone Wall x1 |
| 19:02 | Bass · wall_segment Stone Wall x1 |
| 19:10 | Vexul · first_market_buy 100 food |
| 19:26 | Dawidowww · first_building Siege Workshop |
| 20:13 | Libet · first_market_buy 100 wood |
| 20:18 | Bass · wall_segment Stone Wall x1 |
| 20:19 | Bass · wall_segment Stone Wall x1 |
| 20:20 | Bass · wall_segment Stone Wall x1 |
| 20:31 | Dawidowww · first_market_buy 100 wood |
| 21:01 | OM | Benja FC · age_up castle |
| 21:10 | OM | Benja FC · first_building Castle |
| 21:41 | OM | Salomé Costecho · first_market_buy 100 stone |
| 21:52 | Vexul · age_up castle |
| 21:59 | [BadStart] The Shadow · first_market_buy 100 wood |
| 22:02 | OM | Romeo sins · first_market_sell 100 wood |
| 22:11 | Libet · first_building Barracks |
| 22:14 | OM | Salomé Costecho · age_up castle |
| 22:32 | Bass · wall_segment Stone Wall x1 |
| 22:55 | OM | Salomé Costecho · first_market_sell 100 food |
| 23:02 | OM | Salomé Costecho · first_building Castle |
| 23:44 | OM | Salomé Costecho · first_building Siege Workshop |
| 23:53 | Libet · age_up castle |
| 24:07 | Libet · first_building Castle |
| 24:15 | Libet · first_building Archery Range |
| 25:19 | Bass · age_up castle |
| 26:05 | Bass · first_market_sell 100 wood |
| 26:37 | Bass · first_building Castle |
| 27:04 | Bass · wall_segment Stone Wall x1 |
| 27:16 | Vexul · first_building Castle |
| 27:22 | [BadStart] The Shadow · first_building Monastery |
| 27:32 | OM | Romeo sins · first_building Siege Workshop |
| 27:50 | [BadStart] The Shadow · first_building Castle |
| 28:22 | Bass · wall_segment Stone Wall x1 |
| 28:36 | [BadStart] The Shadow · first_building Siege Workshop |
| 29:04 | [BadStart] The Shadow · first_market_sell 500 wood |
| 29:59 | Libet · first_market_sell 100 food |
| 30:02 | [BadStart] The Shadow · first_building Barracks |
| 30:21 | Bass · first_market_buy 100 wood |
| 30:45 | Bass · wall_segment Stone Wall x1 |
| 30:47 | Bass · wall_segment Stone Wall x1 |
| 32:34 | [BadStart] The Shadow · age_up imperial |
| 33:29 | Dawidowww · first_building Barracks |
| 33:31 | Vexul · first_building Barracks |
| 34:33 | Dawidowww · first_building Stable |
| 36:50 | [BadStart] The Shadow · first_building Archery Range |
| 37:32 | Dawidowww · first_building Monastery |
| 39:06 | [BadStart] The Shadow · wall_segment Palisade Wall x1 |
| 40:00 | Dawidowww · first_building Archery Range |
| 41:04 | OM | Benja FC · wall_segment Stone Wall x1 |
| 42:10 | Dawidowww · age_up imperial |
| 42:22 | Vexul · resign |
[ AI ANALYSIS · 1 CREDIT ]
What really happened in this match?
Wolo.gg analyzes every decision: build order, eco, micro, common mistakes by bracket. Personalized analysis on WhatsApp or Discord in 30 seconds.
Civ guide
Italians
Map guide
Nomad
Perfil
Libet